 Dungeon Crawl Stone Soup version 0.16.0 (webtiles) character file.

1007 MDvedh the Cleaver (level 8, -3/64 HPs)
             Began as a Minotaur Chaos Knight on Mar 14, 2015.
             Slain by a gnoll sergeant
             ... wielding a +0 spear
              (5 damage)
             ... on level 5 of the Dungeon.
             The game lasted 00:08:38 (4340 turns).

MDvedh the Cleaver (Minotaur Chaos Knight)          Turns: 4340, Time: 00:08:39

Health: -3/64      AC:  6    Str: 20    XL:     8   Next: 0%
Magic:  12/12      EV: 11    Int:  9    God:    Xom [..*...]
Gold:   188        SH:  0    Dex:  9    Spells: 0 memorised, 7 levels left

rFire  . . .     SeeInvis .     a - +1 hand axe (chaos)
rCold  . . .     Clarity  .     b - +2 leather armour
rNeg   . . .     SustAb   .     (no shield)
rPois  .         Gourm    .     (helmet restricted)
rElec  .         Spirit   .     (no cloak)
rCorr  .         Warding  .     (no gloves)
rMut   .         Stasis   .     p - +0 pair of boots
MR     .....                    (no amulet)
Stlth  +.........               (no ring)
                                d - ring of magical power

@: lethally poisoned (-3 -> -6), not resistant to hostile enchantments, very
unstealthy
A: retaliatory headbutt, horns 2
a: Renounce Religion


You were on level 5 of the Dungeon.
You worshipped Xom.
You were a toy of Xom.
You were very hungry.

You visited 1 branch of the dungeon, and saw 5 of its levels.

You collected 188 gold pieces.

Inventory:

Hand weapons
 a - a +1 hand axe of chaos (weapon)
Armour
 b - a +2 leather armour (worn)
 p - a +0 pair of boots (worn)
Jewellery
 d - a ring of magical power (left hand)
Magical devices
 m - a wand of polymorph (19)
Scrolls
 e - a scroll of fog
 f - a scroll of remove curse {unknown}
 n - a scroll of magic mapping
Potions
 h - 2 potions of invisibility
 i - a potion of cure mutation
 j - 2 potions of agility
 k - a potion of haste {unknown}
 l - a potion of restore abilities {unknown}
 r - a potion of lignification {unknown}
 s - a potion of heal wounds {unknown}
 t - 4 potions of curing
Comestibles
 c - 5 bread rations
 g - 2 meat rations
 o - 2 slices of pizza


   Skills:
 - Level 3.6 Fighting
 + Level 11.4 Axes
 - Level 2.4 Armour
 - Level 1.1 Dodging


You had 7 spell levels left.
You didn't know any spells.

Dungeon Overview and Level Annotations

Branches:
Dungeon (5/15)             Temple (0/1) D:4

Altars:
Makhleb


Innate Abilities, Weirdness & Mutations

You reflexively headbutt those who attack you in melee.
You have a pair of horns on your head.


Message History

You feel sick. The kobold barely misses you.
Your shadow imp hits the gnoll sergeant but does no damage.
Things that are here:
a flail; a gnoll corpse Unknown command.
Unknown command.
Unknown command.
* * * LOW HITPOINT WARNING * * *
You feel sick.
Xom's attention turns to you for a moment.
Your eyebrows briefly feel incredibly bushy.
There is a stone staircase leading up here.
Unknown command.
Unknown command.
Unknown command.
Unknown command.
The kobold hits you with a dagger.
* * * LOW HITPOINT WARNING * * *
The gnoll sergeant hits you from afar with a spear.
You die...

#.## ##....### **,*** #..#
##..#### *,,** #..# ##.### **,**
#..# ### ##.## *,,, #..#
##.###..# ***,,, #..####(.##..##
########..,,, #...##...(..##
##.........,,,
#............#####...#######**,
##....###(.....@....### *.
##......###....)K.....##########.
#.......##.....5g................
..###......)............###......
.## ##..................# #......
.# ##.................# ##.#..#
.## ###...............# #.#*##
#.#### #.............[.# #.#
.....## #..............## ##.#


You could see a gnoll sergeant, a kobold and a friendly shadow imp.

Vanquished Creatures
  A phantom (D:4)
  3 centaurs
  2 scorpions
  An orc priest (D:4)
  A hound (D:5)
  4 worker ants
  3 orc wizards
  Ijyb (D:2)
  Terence (D:2)
  A river rat (D:1)
  6 gnolls
  9 adders
  A giant mite (D:4)
  A shadow imp (D:5)
  6 worms
  3 giant geckos
  An ooze (D:2)
  11 orcs
  4 ball pythons
  5 giant cockroaches
  13 goblins
  9 hobgoblins
  4 quokkas
  7 bats
  2 giant newts
  10 kobolds
  14 rats
124 creatures vanquished.

Vanquished Creatures (collateral kills)
  A gnoll (D:5)
1 creature vanquished.

Grand Total: 125 creatures vanquished

Notes
Turn   | Place    | Note
--------------------------------------------------------------
     0 | D:1      | MDvedh, the Minotaur Chaos Knight, began the quest for the Orb.
     0 | D:1      | Reached XP level 1. HP: 19/19 MP: 1/1
    37 | D:1      | Reached skill level 4 in Axes
    78 | D:1      | Reached XP level 2. HP: 21/26 MP: 1/1
   233 | D:1      | Reached skill level 5 in Axes
   250 | D:1      | Reached XP level 3. HP: 29/31 MP: 2/2
   463 | D:2      | Noticed Terence
   469 | D:2      | Killed Terence
   473 | D:2      | XOM: harmless Tloc miscast
   658 | D:2      | Noticed Ijyb
   664 | D:2      | Killed Ijyb
   664 | D:2      | Reached skill level 6 in Axes
   664 | D:2      | Reached XP level 4. HP: 37/39 MP: 2/2
   693 | D:2      | XOM: harmless Conj miscast
   785 | D:2      | XOM: smoke on damage
  1108 | D:2      | Reached XP level 5. HP: 43/45 MP: 2/2
  1125 | D:2      | Reached skill level 7 in Axes
  1307 | D:2      | XOM: harmless Air miscast
  1367 | D:2      | XOM: butterfly on damage
  1372 | D:2      | XOM: silly message
  1988 | D:3      | Reached skill level 8 in Axes
  2003 | D:3      | Reached XP level 6. HP: 43/51 MP: 3/3
  2223 | D:4      | XOM: stealth player
  2236 | D:4      | XOM: potion effect (curing)
  2239 | D:4      | HP: 2/51 [centaur (5)]
  2240 | D:4      | Reached skill level 9 in Axes
  2455 | D:4      | XOM: potion effect (haste)
  2459 | D:4      | Reached XP level 7. HP: 35/57 MP: 3/3
  2712 | D:4      | Found a staircase to the Ecumenical Temple.
  2739 | D:4      | XOM: harmless Summ miscast
  2804 | D:4      | Reached skill level 10 in Axes
  2949 | D:4      | XOM: silly message
  2973 | D:4      | Found a burning altar of Makhleb.
  3028 | D:4      | XOM: harmless Air miscast
  3090 | D:4      | XOM: harmless Air miscast
  3159 | D:4      | XOM: harmless Conj miscast
  3266 | D:5      | Entered Level 5 of the Dungeon
  3347 | D:5      | XOM: silly message
  3514 | D:5      | Reached skill level 11 in Axes
  3699 | D:5      | XOM: divination: detect creatures
  3984 | D:5      | XOM: harmless Pois miscast
  4330 | D:5      | XOM: summons friendly shadow imp
  4335 | D:5      | Reached XP level 8. HP: 19/64 MP: 3/3
  4339 | D:5      | XOM: silly message
  4340 | D:5      | HP: 2/64 [kobold/dagger (2)]
  4340 | D:5      | Slain by a gnoll sergeant

Action                   |  1- 3 |  4- 6 |  7- 9 || total
-------------------------+-------+-------+-------++-------
Melee: Hand axe          |    36 |   122 |   111 ||   269
  Use: Scroll            |       |       |    13 ||    13
 Stab: Petrifying        |     1 |       |     1 ||     2
       Paralysed         |       |     1 |       ||     1
       Confused          |       |     2 |       ||     2
  Eat: Chunk             |       |     5 |     5 ||    10
